 Dungeon Crawl Stone Soup version 0.20.0-8-g6b59dc7 (webtiles) character file.

905 Haldmier the Vexing (level 7, -5/52 HPs)
             Began as a Mummy Arcane Marksman on June 2, 2017.
             Was an Initiate of Sif Muna.
             Slain by a centaur (9 damage)
             ... on level 5 of the Dungeon.
             The game lasted 00:32:16 (8396 turns).

Haldmier the Vexing (Mummy Arcane Marksman)         Turns: 8396, Time: 00:32:16

Health: -5/52      AC:  3    Str: 14    XL:     7   Next: 80%
Magic:  11/11      EV: 16    Int: 18    God:    Sif Muna [......]
Gold:   291        SH:  0    Dex: 12    Spells: 9/12 levels left

rFire    x . .     SeeInvis .   b - +2 dagger (venom)
rCold    + . .     Gourm    .   (no shield)
rNeg     + + +     Faith    +   f - +0 leather armour
rPois    ∞         Spirit   .   (no helmet)
rElec    .         Reflect  .   (no cloak)
rCorr    .         Harm     .   (no gloves)
MR       .....                  (no boots)
Stlth    ++........             l - amulet of faith
Regen    0.2/turn               e - +3 ring of evasion
MPRegen  0.2/turn               k - +4 ring of intelligence

@: no status effects
A: no food or potions, fire vulnerability, cold resistance 1, negative energy
resistance 3, torment resistance, unbreathing
a: Renounce Religion


You were on level 5 of the Dungeon.
You worshipped Sif Muna.
Sif Muna was noncommittal.
You were not hungry.

You visited 2 branches of the dungeon, and saw 6 of its levels.

You collected 291 gold pieces.

Inventory:

Hand Weapons
 a - a +0 hunting sling
 b - a +2 dagger of venom (weapon)
 g - a cursed +0 hand axe
 n - a +0 whip
Missiles
 d - 101 stones (quivered)
 p - a throwing net
Armour
 f - a +0 leather armour (worn)
 h - a +0 ring mail
 i - a +0 shield
Jewellery
 e - a +3 ring of evasion (left hand)
 k - a +4 ring of intelligence (right hand)
 l - an amulet of faith (around neck)
Wands
 o - a wand of flame (21/48)
 q - a wand of confusion (22/48)
Scrolls
 j - 3 scrolls of remove curse
 m - 4 scrolls of identify
 r - a scroll of enchant weapon {unknown}
Books
 c - a book of Debilitation

   Spells                             Type                      Level
   a - Corona                         Hexes                        1
   b - Slow                           Hexes                        2
   c - Inner Flame                    Hexes/Fire                   3
   d - Portal Projectile              Hexes/Translocation          3
   e - Cause Fear                     Hexes                        4
   f - Leda's Liquefaction            Hexes/Earth                  4


   Skills:
 + Level 3.6 Fighting
 - Level 4.1 Slings
 + Level 3.6 Dodging
 - Level 2.0 Stealth
 - Level 3.0 Spellcasting
 + Level 4.4 Hexes


You had 9 spell levels left.
You knew the following spells:

 Your Spells              Type           Power        Failure   Level  Hunger
a - Corona                Hex            ###....      3%          1    N/A
b - Slow                  Hex            ###.....     4%          2    N/A

Dungeon Overview and Level Annotations

Branches:
Dungeon (5/15)             Temple (1/1) D:5

Altars:
Ashenzari
Cheibriados
Dithmenos
Elyvilon
Fedhas
Gozag
Makhleb
Okawaru
Ru
Sif Muna
Trog
Uskayaw
Vehumet
Xom
Yredelemnul
Zin
The Shining One


Innate Abilities, Weirdness & Mutations

You do not eat or drink.
Your flesh is vulnerable to fire.
You are immune to poison.
Your flesh is cold resistant. (rC+)
You are immune to negative energy. (rN+++)
You are immune to unholy pain and torment.
You can survive without breathing.


Message History

* * * LOW HITPOINT WARNING * * *
You see here 3 arrows.
The angel recites the sacred texts on the evilness of Makhleb.
The centaur shoots an arrow.
The arrow barely misses you.
The centaur shoots an arrow.
The arrow closely misses you.
You see here 4 arrows.
The centaur unwields an uncursed shortbow.
The centaur hits you.
* * * LOW HITPOINT WARNING * * *
You hit the centaur.
The centaur is poisoned.
The centaur is lightly wounded.
The centaur barely misses you. The centaur completely misses you.
You hit the centaur but do no damage.
The centaur looks as sick as possible!
The centaur is lightly wounded.
The centaur hits you.
* * * LOW HITPOINT WARNING * * *
You hit the centaur but do no damage.
The centaur looks as sick as possible!
The centaur is moderately wounded.
The centaur hits you!
You die...

#...# #..........
##..##### ##.(........
##........####.(...#####.
##...............#..#...#.
.......#####....##._#...#_
........## ###.(##..#A..#.
..#......## #....#..#####.
..##.....(###....#........
..##...........c@(#.......
..###...#.....#....#...##.
..####..##...###.....###
..##.........# ##..###
....).........# #.##
####..######......# # ##.#
.######. #.# . . ### #


You could see an angel and a centaur.

Vanquished Creatures
  An ogre (D:5)
  2 centaurs
  3 scorpions
  An orc priest (D:5)
  A hound (D:4)
  An orc wizard (D:4)
  A centaur skeleton (D:4)
  3 iguanas
  A worker ant (D:3)
  13 gnolls
  6 adders
  4 worms
  A dart slug (D:1)
  5 leopard geckos
  15 orcs
  A ball python (D:4)
  6 giant cockroaches
  8 goblins
  6 hobgoblins
  4 jackals (D:4)
  5 kobolds
  3 quokkas
  8 bats
  5 frilled lizards
  5 rats
109 creatures vanquished.

Notes
Turn   | Place    | Note
-------+----------+-------------------------------------------
     0 | D:1      | Haldmier the Mummy Arcane Marksman began the quest for the Orb.
     0 | D:1      | Reached XP level 1. HP: 15/15 MP: 2/2
   655 | D:2      | Reached XP level 2. HP: 21/21 MP: 4/4
   748 | D:2      | You fall through a shaft for 2 floors!
  1143 | D:4      | Reached XP level 3. HP: 26/26 MP: 3/5
  1169 | D:4      | Learned a level 2 spell: Slow
  1280 | D:4      | Found a radiant altar of Vehumet.
  1356 | D:4      | Noticed a scorpion
  2131 | D:3      | Reached XP level 4. HP: 28/33 MP: 5/7
  3548 | D:2      | Reached XP level 5. HP: 17/38 MP: 6/8
  3633 | D:1      | Noticed a centaur
  3644 | D:1      | Killed a centaur
  4369 | D:3      | Found a blossoming altar of Fedhas.
  4574 | D:4      | Reached XP level 6. HP: 43/44 MP: 3/10
  6129 | D:5      | Entered Level 5 of the Dungeon
  6156 | D:5      | Reached skill level 1 in Stealth
  6156 | D:5      | Reached XP level 7. HP: 49/51 MP: 6/11
  6283 | D:5      | Found a staircase to the Ecumenical Temple.
  6296 | Temple   | Entered the Ecumenical Temple
  6344 | Temple   | Became a worshipper of Sif Muna the Loreminder
  6384 | D:5      | Found a snail-covered altar of Cheibriados.
  6384 | D:5      | Found a burning altar of Makhleb.
  6384 | D:5      | Found a shattered altar of Ashenzari.
  6385 | D:5      | Found a basalt altar of Yredelemnul.
  8368 | D:5      | Noticed an angel
  8370 | D:5      | Found a glowing silver altar of Zin.
  8372 | D:5      | Found a shimmering altar of Xom.
  8396 | D:5      | Slain by a centaur

Skill      XL: |  1  2  3  4  5  6  7 |
---------------+----------------------+-----
Slings         | 2 3 4 |  4.1
Spellcasting   | 2 3 |  3.0
Dodging        | 2 3 |  3.6
Hexes          | 3 4 |  4.4
Fighting       | 2 3 |  3.6
Stealth        | 1 2 |  2.0

Action                   |  1- 3 |  4- 6 |  7- 9 || total
-------------------------+-------+-------+-------++-------
Melee: Whip              |    26 |     4 |       ||    30
       Dagger            |       |       |    67 ||    67
 Fire: Hunting sling     |    88 |   246 |    89 ||   423
 Cast: Corona            |    13 |    49 |    18 ||    80
       Slow              |       |     7 |     5 ||    12
Evoke: Wand              |       |     5 |     7 ||    12
  Use: Scroll            |     4 |       |     2 ||     6
 Stab: Sleeping          |       |       |     1 ||     1
Armor: Leather armour    |    38 |    30 |    13 ||    81
Dodge: Dodged            |   119 |   153 |   112 ||   384
